 Dungeon Crawl Stone Soup version 0.28.0-53-g5a82cb258f (webtiles) character file.

Game seed: 14409606729534181640

105 Ashen the Chiller (level 4, 0/42 HPs)
             Began as an Ogre Ice Elementalist on June 20, 2022.
             Slain by a gnoll
             ... wielding a +0 club
              (7 damage)
             ... on level 2 of the Dungeon.
             The game lasted 00:03:52 (1960 turns).

Ashen the Chiller (Ogre Ice Elementalist)           Turns: 1960, Time: 00:03:53

Health: 0/42       AC:  3    Str: 12    XL:     4   Next: 81%
Magic:  8/8        EV: 10    Int: 18    God:
Gold:   51         SH:  0    Dex:  9    Spells: 5/9 levels left

rFire   . . .      SeeInvis .   k - +5 club
rCold   . . .      Faith    .   (no shield)
rNeg    . . .      Spirit   .   a - +0 robe
rPois   .          Reflect  .   (helmet restricted)
rElec   .          Harm     .   (no cloak)
rCorr   .          Rampage  .   (gloves unavailable)
Will    .....                   (boots unavailable)
Stlth   ++........              (no amulet)
HPRegen 0.14/turn               (no ring)
MPRegen 0.11/turn               (no ring)

@: no status effects
A: large, unfitting armour, tough skin 1
a: no special abilities


You were on level 2 of the Dungeon.
You visited 1 branch of the dungeon, and saw 2 of its levels.

You collected 51 gold pieces.

Inventory:

Hand Weapons
 k - a +5 club (weapon)
Armour
 a - a +0 robe (worn)
Wands
 j - a wand of polymorph (3)
Scrolls
 d - a scroll of enchant armour {unknown}
 f - 2 scrolls of enchant weapon {unknown}
 g - 3 scrolls of identify {unknown}
 i - a scroll of amnesia {unknown}
Potions
 b - a potion of curing {unknown}
 c - a potion of lignification {unknown}
 h - a potion of invisibility {unknown}


   Skills:
 + Level 2.2 Fighting
 + Level 2.4 Dodging
 + Level 2.1 Stealth
 + Level 3.2 Spellcasting
 + Level 4.0 Ice Magic


You had 5 spell levels left.
You knew the following spells:

 Your Spells              Type           Power      Damage    Failure   Level
a - Freeze                Ice            68%        1d8       3%          1
b - Frozen Ramparts       Ice            34%        1d5       9%          3

Your spell library contained the following spells:

 Spells                   Type           Power      Damage    Failure   Level
 Ozocubu's Armour         Ice            17%        N/A       9%          3
 Ensorcelled Hibernation  Hex/Ice        20%        N/A       11%         2
 Passwall                 Tmut/Erth      1%         N/A       24%         2
 Swiftness                Air            2%         N/A       43%         3
 Hailstorm                Conj/Ice       10%        3d5       56%         4


Dungeon Overview and Level Annotations

Branches:
Dungeon (2/15)

Altars:


Innate Abilities, Weirdness & Mutations

You are too large for most types of armour.
You have tough skin. (AC +1)


Message History

k - a +5 club (weapon)
The gnoll shouts!
You drop a +0 whip.
The gnoll throws a stone.
The stone misses you.
A gnoll comes into view. It is wielding a +0 spear.
The gnoll throws a stone.
The stone hits you.
There is an open door here.
The gnoll barely misses you.
The gnoll shouts!
You thump the gnoll!
The gnoll is severely wounded.
The gnoll hits you but does no damage. The gnoll hits you with a +0 flail.
You closely miss the gnoll.
The gnoll is severely wounded.
The gnoll hits you with a +0 flail.
Casting: Freeze (safe; 3% risk of failure)
Confirm with . or Enter, or press ? or * to list all spells.
Casting: Frozen Ramparts (dangerous; 9% risk of failure)
Press: ? - help, Dir - look around, f - activate The walls around you are covered in ice.
The gnoll shouts!
The wall freezes the gnoll.
You kill the gnoll!
There are monsters nearby!
There are monsters nearby!
The wall freezes the gnoll.
The gnoll hits you from afar with a +0 spear!
* * * LOW HITPOINT WARNING * * *
The wall freezes the gnoll. x2
The gnoll hits you from afar with a +0 spear!
* * * LOW HITPOINT WARNING * * *
Your frozen ramparts will break if you move.
Continue?
The frozen ramparts melt away as you move.
There is an open door here.
You close the door.
A gnoll opens the door.
Things that are here:
a +0 whip; a +0 robe; the human corpse of Jessica You see here a hobgoblin corpse.
The gnoll hits you with a +0 club!
You die...

.....##.# ### #...# #.# ##.#
#.# ## #.# ####### #.#########
......# #..g...)..#### #####.#
#.##.........#
#####.#######.###g###.##†#
#...............@.###.##.#####
......#####....<####.........#
#.##### ##..........##.###.#
#.# ##.######.###...#.# #.###
#.# #.# #.#.#.# ....# #.# #.#
#...#.# ....# ##'##
#.###...#.# .#..# ##...##
#......†..# ....# ##.....##
###.......##


You could see a gnoll.

Vanquished Creatures
  Jessica (D:2)
  2 gnolls (D:2)
  2 adders (D:2)
  A dart slug (D:2)
  2 ball pythons (D:1)
  2 endoplasms (D:1)
  3 giant cockroaches
  3 goblins (D:1)
  7 hobgoblins
  3 jackals (D:2)
  A quokka (D:1)
  5 bats
  A frilled lizard (D:2)
  2 kobolds
  A rat (D:2)
36 creatures vanquished.

Vanquished Creatures (others)
  2 plants (D:1)
2 creatures vanquished.

Grand Total: 38 creatures vanquished

Notes
Turn   | Place    | Note
-------+----------+-------------------------------------------
     0 | D:1      | Ashen the Ogre Ice Elementalist began the quest for the
                  | Orb.
     0 | D:1      | Reached XP level 1. HP: 16/16 MP: 3/3
   333 | D:1      | Reached XP level 2. HP: 24/26 MP: 3/5
   419 | D:1      | Reached skill level 1 in Fighting
   482 | D:1      | Found a faded altar of an unknown god.
   695 | D:1      | Reached XP level 3. HP: 26/33 MP: 2/7
  1491 | D:2      | Learned a level 3 spell: Frozen Ramparts
  1509 | D:2      | Reached XP level 4. HP: 8/42 MP: 2/8
  1788 | D:2      | Noticed Jessica
  1796 | D:2      | Reached skill level 4 in Ice Magic
  1808 | D:2      | Killed Jessica
  1960 | D:2      | Slain by a gnoll

Illustrated notes

Levels and vault maps discovered:
D:1:      dpeg_arrival_snail, layout_basic,
          shapermc_ecumenical_altar_mp_urbaneastern, minmay_fountain_box
D:2:      layout_loops_corners, uniq_jessica

Skill      XL: |  1  2  3  4 |
---------------+-------------+-----
Dodging        | 2 |  2.4
Fighting       | 1 2 |  2.2
Spellcasting   | 3 |  3.2
Stealth        | 2 |  2.1
Ice Magic      | 4 |  4.0

Action                   |  1- 3 |  4- 6 || total
-------------------------+-------+-------++-------
Melee: Whip              |    19 |     1 ||    20
       Unarmed           |     2 |     3 ||     5
       Club              |       |     2 ||     2
 Cast: Freeze            |    46 |     9 ||    55
       Frozen Ramparts   |       |     1 ||     1
 Stab: Sleeping          |     1 |       ||     1
Armor: Robe              |    11 |     2 ||    13
Dodge: Dodged            |    27 |     8 ||    35
